 Dungeon Crawl Stone Soup version 0.27-a0-1191-g601b473118 (webtiles) character file.

Game seed: 7139214019967030608

106 polve the Slasher (level 4, 0/33 HPs)
             Began as a Demonspawn Gladiator on May 23, 2021.
             Slain by a black bear (2 damage)
             ... on level 3 of the Dungeon.
             The game lasted 00:02:07 (3490 turns).

polve the Slasher (Demonspawn Gladiator)            Turns: 3490, Time: 00:02:08

Health: 0/33       AC: 10    Str: 15    XL:     4   Next: 55%
Magic:  4/4        EV:  7    Int:  9    God:
Gold:   187        SH:  4    Dex: 15    Spells: 3/3 levels left

rFire    . . .     SeeInvis .   a - +0 long sword
rCold    . . .     Faith    .   (no shield)
rNeg     . . .     Spirit   .   g - +0 chain mail
rPois    .         Reflect  .   c - +0 helmet
rElec    .         Harm     .   (no cloak)
rCorr    .         Rampage  .   (no gloves)
Will     .....                  (no boots)
Stlth    ..........             (no amulet)
HPRegen  0.11/turn              (no ring)
MPRegen  0.09/turn              (no ring)

@: flying
A: demonic guardian 1, condensation shield
a: no special abilities


You were on level 3 of the Dungeon.
You visited 1 branch of the dungeon, and saw 4 of its levels.

You collected 187 gold pieces.

Inventory:

Hand Weapons
 a - a +0 long sword (weapon)
Missiles
 d - 3 throwing nets (quivered)
Armour
 b - a +0 leather armour
 c - a +0 helmet (worn)
 g - a +0 chain mail (worn)
 k - a scarf of invisibility
Jewellery
 e - a ring of protection from cold
Scrolls
 h - a scroll of identify {unknown}
 j - 2 scrolls of teleportation {unknown}
 l - a scroll of silence {unknown}
 m - a scroll of enchant weapon {unknown}
Potions
 f - a potion of flight


   Skills:
 - Level 2.0 Fighting
 + Level 4.0 Long Blades
 - Level 1.7 Throwing
 * Level 2.5 Armour
 - Level 2.6 Dodging


You had 3 spell levels left.
You didn't know any spells.
Your spell library contained the following spells:

 Spells                   Type           Power      Damage    Failure   Level
 Foxfire                  Conj/Fire      0%         2x1d4     100%        1
 Conjure Flame            Conj/Fire      0%         6-21      100%        3
 Inner Flame              Hex/Fire       0%         N/A       100%        3
 Sticky Flame             Conj/Fire      0%         2d3       100%        4
 Fireball                 Conj/Fire      0%         3d3       100%        5


Dungeon Overview and Level Annotations

Branches:
Dungeon (4/15)
 Temple: D:4-7

Altars:
Elyvilon
Qazlal
Ru
Wu Jian


Innate Abilities, Weirdness & Mutations

A weak demonic guardian rushes to your aid.
A meltable shield of frost defends you. (SH +4)


Message History

You miss the black bear.
The black bear is almost dead.
The black bear bites you! The black bear barely misses you.
The black bear claws you but does no damage.
The black bear bites you! The black bear claws you.
The black bear claws you but does no damage.
Your quasit bites the black bear.
Your quasit claws the black bear.
Your quasit claws the black bear but does no damage.
You're too confused to move!
You feel less invigorated.
You feel less confused.
The black bear completely misses your quasit.
The black bear barely misses your quasit.
The black bear claws your quasit.
Your quasit barely misses the black bear.
Your quasit claws the black bear but does no damage. x2
The black bear bites your quasit!
Your quasit dies!
The black bear growls angrily.
You hit the black bear but do no damage.
The black bear is almost dead.
The black bear bites you.
The black bear claws you but does no damage. x2
You block the black bear's attack.
The black bear claws you but does no damage. x2
You closely miss the black bear.
The black bear is almost dead.
The black bear bites you but does no damage.
The black bear claws you but does no damage. x2
You hit the black bear.
The black bear is almost dead.
The black bear bites you but does no damage.
You block the black bear's attack. The black bear claws you.
The black bear bites you!
* * * LOW HITPOINT WARNING * * *
A demonic guardian appears!
The black bear claws you but does no damage.
The black bear claws you.
* * * LOW HITPOINT WARNING * * *
You block the black bear's attack. The black bear claws you.
You die...

..# #......# #.####### ..#
#.####.# ###.#.....# ..#
#.####.########...#.###.# ..#
#.##..............#.# #.# ..##
#.##(#.########.....###.# ...#
#.##.#.# #.........# .#.#
##.##.#.### ##....##..# .#.##
#........5# ##.#...... ....##
#.###.###@# #.####### .#.#.# #.#
#.# #h# #.# .#.#.# #.# #5###.#
##+## .#.#.# #.###..##.# ##...##
#...## #.........# ##.^...##
#..## ######.#.## ##.......##
...##########....####.........###
.[..................'.........'..
...###.#####.....####.........###


You could see a black bear (berserk, ally target) and a friendly quasit
(summoned).

Vanquished Creatures
  2 adders
  3 dart slugs
  3 orcs (D:3)
  An endoplasm (D:2)
  A giant cockroach (D:3)
  6 goblins
  5 hobgoblins
  13 jackals
  6 kobolds
  3 quokkas
  10 ball pythons
  3 bats
  2 frilled lizards
  7 rats
65 creatures vanquished.

Vanquished Creatures (collateral kills)
  3 orcs (D:3)
  A hobgoblin (D:2)
  2 ball pythons
  A goblin (D:2)
7 creatures vanquished.

Grand Total: 72 creatures vanquished

Notes
Turn   | Place    | Note
-------+----------+-------------------------------------------
     0 | D:1      | polve the Demonspawn Gladiator began the quest for the Orb.
     0 | D:1      | Reached XP level 1. HP: 16/16 MP: 1/1
    24 | D:1      | Reached skill level 3 in Long Blades
    95 | D:1      | Gained mutation: A meltable shield of frost defends you.
                  | (SH +4) [demonic ancestry]
    95 | D:1      | Reached XP level 2. HP: 17/22 MP: 2/2
   416 | D:1      | Found a faded altar of an unknown god.
   656 | D:2      | Gained mutation: A weak demonic guardian rushes to your
                  | aid. [demonic ancestry]
   656 | D:2      | Reached XP level 3. HP: 19/27 MP: 3/3
   779 | D:2      | Reached skill level 1 in Armour
  1916 | D:2      | Reached XP level 4. HP: 33/33 MP: 4/4
  2088 | D:3      | Found an ornate altar of the Wu Jian Council.
  2114 | D:3      | Found a sacrificial altar of Ru.
  2620 | D:3      | Reached skill level 4 in Long Blades
  2845 | D:3      | Found a stormy altar of Qazlal.
  3151 | D:4      | Noticed a kobold brigand
  3461 | D:4      | Noticed a black bear
  3490 | D:3      | Slain by a black bear

Illustrated notes

Levels and vault maps discovered:
D:1:      saegor_arrival_simple_c, layout_basic,
          hellmonk_ecumenical_altar_blasted
D:2:      layout_loops_corners
D:3:      layout_loops_corners, lemuel_crystal_altar,
          lemuel_coloured_pillars_altar, gammafunk_temple_overflow_statue,
          minmay_pentomino_pile
D:4:      layout_rooms, nicolae_underground_beach, uniq_robin

Skill      XL: |  1  2  3  4 |
---------------+-------------+-----
Long Blades    | 3 4 |  4.0
Armour         | 2 |  2.5
Fighting       | |  2.0
Throwing       | |  1.7
Dodging        | |  2.6

Action                   |  1- 3 |  4- 6 || total
-------------------------+-------+-------++-------
Melee: Long sword        |   147 |    50 ||   197
  Use: Potion            |     2 |     2 ||     4
Armor: Leather armour    |    16 |       ||    16
       Chain mail        |    78 |    45 ||   123
Dodge: Dodged            |    72 |    32 ||   104
Block: Other             |    26 |    12 ||    38
       Rpst.: Long sword |    26 |     8 ||    34

Table legend: (Time is in decaauts)
 A = Elapsed time spent in this place.
 B = Non-inter-level travel time spent in this place.
 C = Inter-level travel time spent in this place.
 D = Time resting spent in this place.
 E = Time spent auto-exploring this place.
 F = Levels seen in this place.
 G = Mean time per level.
                   A        B        C        D        E       F      G
               +--------+--------+--------+--------+--------+-----+--------+
         Total |   3542 |   3386 |    156 |      0 |   2900 |   4 |  885.5 |
       Dungeon |   3542 |   3386 |    156 |      0 |   2900 |   4 |  885.5 |
               +--------+--------+--------+--------+--------+-----+--------+

Top non-repeatable levels by time:
     D:2: 1448 daAuts
     D:3: 1416 daAuts
     D:1: 652 daAuts
     D:4: 25 daAuts
